 Dungeon Crawl Stone Soup version 0.31.0-9-g3a7656b989 (webtiles) character file.

Game seed: 3954514826402708535

104 qw the Shooter (level 4, 0/25 HPs)
             Began as a Deep Elf Hunter on Feb 3, 2024.
             Slain by a hound zombie (3 damage)
             ... on level 2 of the Dungeon.
             The game lasted 00:00:35 (1358 turns).

qw the Shooter (Deep Elf Hunter)                    Turns: 1358, Time: 00:00:36

Health: 0/25       AC:  6    Str: 10    XL:     4   Next: 52%
Magic:  6/6        EV: 11    Int: 14    God:
Gold:   83         SH:  0    Dex: 18    Spells: 3/3 levels left

rFire   . . .        a - +0 shortbow
rCold   . . .        (shield currently unavailable)
rNeg    . . .        f - +1 ring mail
rPois   +            (no helmet)
rElec   .            (no cloak)
rCorr   .            (no gloves)
SInv    .            (no boots)
Will    .....        (no amulet)
Stlth   +            e - ring of poison resistance
HPRegen 0.24/turn    (no ring)
MPRegen 0.10/turn

%: no passive effects
@: no status effects
A: no striking features
a: no special abilities


You were on level 2 of the Dungeon.
You visited 1 branch of the dungeon, and saw 2 of its levels.

You collected 83 gold pieces.


   Skills:
 - Level 1.5 Fighting
 + Level 7.9 Ranged Weapons
 - Level 2.4 Dodging
 - Level 1.2 Stealth


You had 3 spell levels left.
You didn't know any spells.
Your spell library was empty.

Inventory:

Hand Weapons
 a - a +0 shortbow (weapon)
Armour
 f - a +1 ring mail (worn)
Jewellery
 e - a ring of poison resistance (left hand)
Scrolls
 d - a scroll of teleportation {unknown}
 g - 2 scrolls of torment {unknown}
Potions
 b - a potion of haste {unknown}
 c - a potion of might {unknown}
 j - a potion of enlightenment {unknown}
 k - a potion of curing {unknown}

Dungeon Overview and Level Annotations

Branches:
Dungeon (2/15)

Altars:
Ashenzari


Message History

The hound zombie bites you but does no damage.
The quokka skeleton barely misses you. The scorpion zombie barely misses you.
The hound zombie bites you but does no damage.
You shoot an arrow. The arrow hits the scorpion zombie.
The scorpion zombie is moderately damaged.
The hound zombie bites you but does no damage.
The quokka skeleton closely misses you.
The scorpion zombie hits you but does no damage.
You shoot an arrow. The arrow hits the scorpion zombie!
The scorpion zombie is heavily damaged.
The hound zombie bites you but does no damage.
The quokka skeleton closely misses you. The scorpion zombie misses you.
The hound zombie barely misses you. The quokka skeleton bites you.
The scorpion zombie barely misses you.
You shoot an arrow. The arrow hits the scorpion zombie.
The scorpion zombie is severely damaged.
The hound zombie bites you but does no damage.
The quokka skeleton bites you but does no damage.
The scorpion zombie closely misses you.
You shoot an arrow. The arrow hits the scorpion zombie.
The scorpion zombie is severely damaged.
The hound zombie misses you.
The hound zombie bites you but does no damage.
The scorpion zombie hits you. The quokka skeleton misses you.
You shoot an arrow.
The arrow completely misses the scorpion zombie.
The hound zombie barely misses you.
The scorpion zombie hits you but does no damage.
The quokka skeleton barely misses you.
You shoot an arrow.
The arrow hits the scorpion zombie but does no damage.
The scorpion zombie is severely damaged.
The hound zombie bites you.
The scorpion zombie completely misses you.
The quokka skeleton barely misses you. The hound zombie misses you.
You shoot an arrow.
The arrow hits the scorpion zombie but does no damage.
The scorpion zombie is severely damaged.
The hound zombie bites you.
You die...

#%.......# ###
#%###############..
#.# #......<##.#
#.#### #.......##.#
#....# #.......##.#
####.# #.......##..
##.# #.......####
##..# #.......# #
7@..# #.#....##
7...ZZZ## #.#.#..#
7P.....Z7#
#.#....##
P....PP77#
#.......#
.P.77777.#
#.......# #####7 ..
#.#####%#.##.###
#....7 .
#....##........##
#....7
####.##...#......
.....7
#.........#.##


You could see a hound zombie, a giant cockroach zombie, a scorpion zombie and a
quokka skeleton.

Vanquished Creatures
  Natasha (D:2)
  3 adders (D:2)
  A ribbon worm (D:2)
  A dart slug (D:2)
  5 ball pythons
  5 bats (D:1)
  4 endoplasms (D:1)
  A giant cockroach (D:1)
  5 hobgoblins
  4 jackals (D:2)
  A kobold (D:1)
  4 quokkas
  A ball python zombie (D:2)
  5 frilled lizards
  2 goblins
  2 rats (D:1)
45 creatures vanquished.

Notes
Turn   | Place    | Note
-------+----------+-------------------------------------------
     0 | D:1      | qw the Deep Elf Hunter began the quest for the Orb.
     0 | D:1      | Reached XP level 1. HP: 12/12 MP: 3/3
     0 | D:1      | 0 ||| qw: Version: 0.3-a-155-g5e7d8dd
     0 | D:1      | 0 ||| qw: Game counter: 2983
     0 | D:1      | 0 ||| qw: Melee chars always use a shield: true
     0 | D:1      | 0 ||| qw: God list: Okawaru
     0 | D:1      | 0 ||| qw: Allow faded altars: false
     0 | D:1      | 0 ||| qw: Do Orc after clearing Dungeon:15 true
     0 | D:1      | 0 ||| qw: Do second Lair branch before Depths: true
     0 | D:1      | 0 ||| qw: Lair rune preference: random
     0 | D:1      | 0 ||| qw: Goals: Normal
     0 | D:1      | 0 ||| PLANNING D:1-11
    62 | D:1      | Reached XP level 2. HP: 16/16 MP: 4/4
    66 | D:1      | Reached skill level 6 in Ranged Weapons
   639 | D:1      | 639 ||| UPGRADING to +0 ring mail.
   649 | D:1      | 649 ||| DROPPING +0 leather armour.
   650 | D:1      | 650 ||| UPGRADING to ring of poison resistance.
   651 | D:1      | 651 ||| READING scroll labelled YMNIZXY USKIXA.
   651 | D:1      | 651 ||| ENCHANTING +0 ring mail.
   652 | D:1      | 652 ||| READING 2 scrolls labelled UGUACROCOX.
   653 | D:1      | 653 ||| READING scroll labelled JIAMPA XOZIUGO.
   654 | D:1      | 654 ||| READING 3 scrolls labelled PEXZAN POSHRID.
   655 | D:1      | 655 ||| READING scroll labelled YLAGUIPLOT.
   656 | D:1      | 656 ||| READING scroll labelled KUSEPSI HEECAPREQA.
   656 | D:1      | 656 ||| IDENTIFYING sedimented clear potion
   657 | D:1      | 657 ||| DROPPING scroll of butterflies.
   658 | D:1      | 658 ||| DROPPING potion of lignification.
   659 | D:1      | 659 ||| DROPPING scroll of noise.
   660 | D:1      | 660 ||| DROPPING 2 scrolls of fog.
   685 | D:2      | Found a broken altar of Ashenzari.
   698 | D:2      | Reached XP level 3. HP: 17/20 MP: 5/5
   838 | D:2      | Reached skill level 7 in Ranged Weapons
   942 | D:2      | Identified the +7 dagger of Vajef {heavy, Dex+3}
  1240 | D:2      | Reached XP level 4. HP: 25/25 MP: 6/6
  1331 | D:2      | Noticed Natasha
  1349 | D:2      | Killed Natasha
  1355 | D:2      | HP: 3/25 [scorpion zombie (4)]
  1358 | D:2      | Slain by a hound zombie

Levels and vault maps discovered:
D:1:      psy_arrival_spokes, layout_basic, minmay_ruptured
D:2:      layout_loops_cross, basic_altar, dilly_guarded_unrand_morg

Skill      XL: |  1  2  3 |
---------------+----------+-----
Ranged Weapons | 6 7 |  7.9
Fighting       | |  1.5
Dodging        | |  2.4
Stealth        | |  1.2

Action                     |  1- 3 |  4- 6 || total
---------------------------+-------+-------++-------
   Fire: Shortbow          |   126 |    29 ||   155
    Use: Scroll            |     6 |       ||     6
 Armour: Ring mail         |    18 |    38 ||    56
         Leather armour    |     7 |       ||     7
  Dodge: Dodged            |    30 |    31 ||    61

Table legend:
 A = Non-vault XP
 B = Vault XP
 C = Vault XP percentage of total XP
 D = Non-vault monster count
 E = Vault monster count
 F = Vault count percentage of total count
                 A         B        C        D         E       F
            +---------+---------+-------+---------+---------+-------
      Total |     109 |      40 |  26.8 |      41 |       4 |   8.9
            +---------+---------+-------+---------+---------+-------
        D:1 |      35 |       4 |  10.3 |      21 |       2 |   8.7
        D:2 |      74 |      36 |  32.7 |      20 |       2 |   9.1
            +---------+---------+-------+---------+---------+-------
